 Dungeon Crawl Stone Soup version 0.29-a0-322-g68df515428 (webtiles) character file.

Game seed: 17581933417779651786

16912 spaghetti the Covert (level 11, -5/95 HPs)
             Began as a Demigod Brigand on Apr 10, 2022.
             Succumbed to a death knight's poison
             ... on level 12 of the Dungeon.
             The game lasted 00:24:33 (10731 turns).

spaghetti the Covert (Demigod Brigand)             Turns: 10731, Time: 00:24:33

Health: -5/95      AC: 17    Str: 16    XL:     11   Next: 85%
Magic:  14/14      EV: 21    Int: 16    God:
Gold:   731        SH: 13    Dex: 27    Spells: 10/10 levels left

rFire   . . .      SeeInvis .   b - +1 dagger (elec) {short}
rCold   . . .      Faith    .   t - +3 buckler "Yroriw" {rElec Slay+2}
rNeg    + . .      Spirit   .   n - +7 ring mail "Izaiqic" {-Cast Regen+ Str+4}
rPois   .          Reflect  +   G - +1 helmet {Int+3}
rElec   +          Harm     .   a - +0 cloak
rCorr   .          Rampage  .   O - +1 Delatra's gloves {ID++}
Will    +....      NoCast   +   (no boots)
Stlth   +++++.....              A - amulet of reflection
HPRegen 1.05/turn               v - +4 ring of evasion
MPRegen 0.14/turn               j - ring of positive energy

@: lethally poisoned (-5 -> -30)
A: high MP 1, forlorn, divine attributes
a: no special abilities


You were on level 12 of the Dungeon.
You visited 1 branch of the dungeon, and saw 12 of its levels.

You collected 731 gold pieces.


Innate Abilities, Weirdness & Mutations

You have an increased reservoir of magic. (+10% MP)
You shall have no god before yourself.
Your divine heritage dramatically boosts your attributes as you level up.


   Skills:
 + Level 8.5 Fighting
 + Level 9.8 Short Blades
 - Level 5.0 Throwing
 + Level 8.4 Dodging
 + Level 11.1 Stealth


You had 10 spell levels left.
You didn't know any spells.
Your spell library contained the following spells:

 Spells                   Type           Power      Damage    Failure   Level
 Sandblast                Erth           0%         2d4       56%         1
 Sting                    Tmut/Pois      0%         1d3       56%         1
 Passwall                 Tmut/Erth      0%         N/A       71%         2
 Poisonous Vapours        Pois/Air       0%         N/A       71%         2
 Sublimation of Blood     Necr           0%         N/A       71%         2
 Wereblood                Tmut           0%         N/A       71%         2
 Stone Arrow              Conj/Erth      0%         3d7       90%         3
 Olgreb's Toxic Radiance  Pois           0%         N/A       100%        4
 Conjure Ball Lightning   Conj/Air       0%         3x3d6     100%        6
 Summon Hydra             Summ           0%         N/A       100%        7
 Discord                  Hex            0%         N/A       100%        8
 Disjunction              Tloc           0%         N/A       100%        8

Inventory:

Hand Weapons
 b - a +1 dagger of electrocution (weapon) {short}
   (You found it on level 3 of the Dungeon)
 w - a +5 shortbow {bow}
   (You took it off a centaur on level 8 of the Dungeon)
 B - a +0 rapier {short}
   (You found it on level 10 of the Dungeon)
 P - a +6 demon trident {polearm}
   (You took it off Urug on level 11 of the Dungeon)
Missiles
 d - 26 poisoned darts {throwing}
 h - 222 stones (quivered) {throwing}
 x - 2 curare-tipped darts {=fthrowing}
 L - 15 boomerangs {throwing}
 Q - 10 silver javelins {throwing}
Armour
 a - a +0 cloak (worn)
   (You found it on level 8 of the Dungeon)
 n - the +7 ring mail "Izaiqic" (worn) {-Cast Regen+ Str+4}
   (You found it on level 2 of the Dungeon)

   Str:       It affects your strength (+4).
   -Cast:     It prevents spellcasting.
   Regen:     It increases your rate of health regeneration.
 t - the +3 buckler "Yroriw" (worn) {rElec Slay+2}
   (You acquired it on level 9 of the Dungeon)

   Slay:      It affects your accuracy & damage with ranged weapons and melee
   (+2).
   rElec:     It insulates you from electricity.
 G - a +1 helmet of intelligence (worn)
   (You found it on level 4 of the Dungeon)
 O - the +1 Delatra's gloves (worn) {ID++}
   (You found it on level 6 of the Dungeon)

   It heals its wearer when they drink unknown potions.
   It restores its wearer's MP when they read unknown scrolls.
Jewellery
 j - a ring of positive energy (right hand)
   (You found it on level 6 of the Dungeon)
 v - a +4 ring of evasion (left hand)
   (You found it on level 9 of the Dungeon)
 A - an amulet of reflection (around neck)
   (You found it on level 10 of the Dungeon)
 H - a ring of positive energy
   (You found it on level 4 of the Dungeon)
Wands
 q - a wand of digging (6)
   (You found it on level 8 of the Dungeon)
 y - a wand of acid (18)
   (You took it off Ijyb on level 3 of the Dungeon)
 F - a wand of paralysis (5)
   (You found it on level 10 of the Dungeon)
 M - a wand of iceblast (26)
   (You found it on level 5 of the Dungeon)
 N - a wand of charming (8)
   (You found it on level 6 of the Dungeon)
 R - a wand of polymorph (6)
   (You found it on level 12 of the Dungeon)
Scrolls
 c - a scroll of blinking {!r}
 f - 5 scrolls of magic mapping {!r}
 g - 5 scrolls of teleportation {@r4}
 k - a scroll of holy word {unknown}
 l - 2 scrolls of fog
 m - 4 scrolls of immolation {!r!r}
 o - 4 scrolls of amnesia {unknown}
 p - 3 scrolls of noise {!r}
 r - 2 scrolls of enchant armour {unknown}
 z - 4 scrolls of identify {@r1}
 D - 2 scrolls of vulnerability {!r!r}
Potions
 e - 2 potions of flight {unknown}
 i - 11 potions of curing {@q1}
 s - a potion of resistance
 u - 4 potions of lignification {unknown}
 C - a potion of degeneration {!q@e2}
 E - 2 potions of heal wounds {@q2}
 J - a potion of berserk rage {unknown}
 K - 2 potions of mutation {unknown}

Dungeon Overview and Level Annotations

Branches:
Dungeon (12/15)            Temple (0/1) D:7            Lair (0/6) D:8
    Orc (0/2) D:10

Annotations:
D:6 3 runed translucent doors, qwertyui's ghost, amateur GrFi
D:7 exclusion: electric eel
D:9 Gastro
D:12 2 runed translucent doors

..... ##....
#..... .#..$..##
........#
........##
o........# #..@.#
#..........
##.........
.......### ##.
.###.....# ##...
## ......### #
##.....
#.....?ยง### .#
#.......
$[........##.
.....[.#.
!$.#........##.##


You could see an orc priest (asleep).


Message History

You hit the freezing wraith.
Lightning courses through the freezing wraith!!
You destroy the freezing wraith! ๐Ÿ˜• HP[+1] ๐Ÿ˜• HP[+1]
h - 231 stones {throwing} (gained 1)
You see here a stone {throwing}.
A wraith is nearby! ๐Ÿ˜Ž HP[+4]
Your hp is fully restored (95).
A wraith is nearby!
A wraith is nearby!
You throw a stone {throwing}.
The stone {throwing} hits the wraith but does no damage.
You feel yourself speed up.
You throw a stone {throwing}.
The stone {throwing} hits the wraith but does no damage.
You throw a stone {throwing}.
The stone {throwing} hits the wraith but does no damage.
You throw a stone {throwing}.
The stone {throwing} closely misses the wraith.
You throw a stone {throwing}.
The stone {throwing} barely misses the wraith.
The death knight shouts!
You throw a stone {throwing}. The stone {throwing} hits the wraith.
You hit the wraith but do no damage. You puncture the wraith!
You block the wraith's attack.
The death knight offers itself to Yredelemnul, and fills with unholy energy.
You hit the wraith. You puncture the wraith! The wraith closely misses you.
The death knight invokes the aid of Yredelemnul against you.
You struggle to resist.
You hit the wraith but do no damage. You block the wraith's attack.
You hit the wraith. Lightning courses through the wraith!
You destroy the wraith!
You throw a stone {throwing}.
The stone {throwing} hits the death knight.
The death knight reflects your damage back at you!
You throw a stone {throwing}.
The stone {throwing} hits the death knight but does no damage.
You throw a stone {throwing}.
The stone {throwing} hits the death knight.
The death knight reflects your damage back at you!
You barely miss the death knight. You closely miss the death knight.
The death knight closely misses you.
You hit the death knight but do no damage.
You hit the death knight.
The death knight reflects your damage back at you!
The death knight's dark mirror aura disappears.
You block the wraith's attack.
The death knight hits you with a +2 great mace of venom!!
You are poisoned. ๐Ÿ˜ฎ HP[-24]
You take 24 damage, and now have 71/95 hp.
MASSIVE DAMAGE!! (PAUSE) Unknown command.
Unknown command.
Unknown command.
Unknown command.
You feel extremely sick. ๐Ÿ˜ฎ HP[-6]
You take 6 damage, and now have 65/95 hp.
The death knight attacks as you move away!
You block the death knight's attack.
You feel very sick. ๐Ÿ˜ฎ HP[-4]
You take 4 damage, and now have 61/95 hp.
You feel very sick. ๐Ÿ˜ฎ HP[-3]
You take 3 damage, and now have 58/95 hp.
The death knight attacks as you move away!
The death knight misses you.
You feel very sick. ๐Ÿ˜ฎ HP[-2]
You take 2 damage, and now have 56/95 hp.
The death knight attacks as you move away!
The death knight hits you with a +2 great mace of venom!!
* * * LOW HITPOINT WARNING * * *
You are lethally poisoned!
* * * LOW HITPOINT WARNING * * *
You feel extremely sick. ๐Ÿ˜ฑ HP[-46]
You take 46 damage, and now have 10/95 hp.
MASSIVE DAMAGE!! (PAUSE) Unknown command.
Really read
c - 3 scrolls of blinking {!r}?
Blink to where?
Press: ? - help, Dir - move target, p - death knight
As you read the scroll of blinking {!r}, it crumbles to dust.
* * * LOW HITPOINT WARNING * * *
You feel extremely sick. ๐Ÿ˜ฑ HP[-8]
You take 8 damage, and now have 2/95 hp.
Okay, then.
Really read
c - 2 scrolls of blinking {!r}?
Blink to where?
Press: ? - help, Dir - move target An orc priest comes into view.
It is wielding a +0 falchion.
As you read the scroll of blinking {!r}, it crumbles to dust.
You die...

Skill      XL: |  1  2  3  4  5  6  7  8  9 10 11 |
---------------+----------------------------------+-----
Short Blades   | 2 3 4 5 6 7 8 9 |  9.8
Throwing       | 2 3 4 5 |  5.0
Stealth        | 4 5 6 7 8 9 11 | 11.1
Dodging        | 2 4 5 7 8 |  8.4
Fighting       | 2 4 5 7 8 |  8.5

Action                   |  1- 3 |  4- 6 |  7- 9 | 10-12 || total
-------------------------+-------+-------+-------+-------++-------
Melee: Dagger            |   147 |   115 |   623 |   512 ||  1397
Throw: Dart              |    19 |    14 |       |       ||    33
       Stone             |    23 |    48 |   253 |   163 ||   487
  Use: Potion            |     3 |       |     3 |     1 ||     7
       Scroll            |       |       |    12 |     5 ||    17
 Stab: Sleeping          |     5 |       |     5 |     1 ||    11
       Distracted        |       |       |     1 |       ||     1
Armor: Robe              |    27 |       |       |       ||    27
       Ring mail         |     4 |    39 |   244 |   111 ||   398
Dodge: Dodged            |    53 |    25 |   241 |   281 ||   600
Block: Buckler           |    33 |    18 |   168 |   279 ||   498
       Reflection        |       |       |       |    17 ||    17

Levels and vault maps discovered:
D:1:      dpeg_arrival_shelter, layout_basic
D:2:      layout_basic, chequers_ecumenical_altar_grove, grunt_ministairs_12
D:3:      layout_loops_ring, uniq_robin, uniq_grinder, uniq_sigmund, uniq_ijyb,
          uniq_jessica, uniq_natasha
D:4:      layout_basic, grunt_temple_overflow_open
D:5:      layout_rooms, kennysheep_generic_room_16
D:6:      layout_basic, gammafunk_ghost_split, pf_guarded_unrand_delatra
D:7:      layout_loops_ring, minmay_temple_entry_crystal_x, serial_bayou_ford_a
D:8:      layout_loops_ring, david_lair_generic, minivault_27,
          kennysheep_generic_room_13
D:9:      layout_irregular_city, minmay_misc_feat_rows, uniq_gastronok
D:10:     wad_arrow_thing, layout_basic, minmay_orc_entry_temple_small
D:11:     layout_roguey, uniq_urug
D:12:     minmay_the_grid_four_pointed_star_mashed
          [minmay_the_grid_triangle_9x9_tough_junction,
          minmay_the_grid_triangle_9x9_corrupted_corridor,
          minmay_the_grid_triangle_9x9_sparse_checkered,
          minmay_the_grid_triangle_9x9_stretched_checkered,
          minmay_the_grid_prize_four_corners], layout_basic,
          kennysheep_generic_room_11

Notes
Turn   | Place    | Note
-------+----------+-------------------------------------------
     0 | D:1      | spaghetti the Demigod Brigand began the quest for the Orb.
     0 | D:1      | Reached XP level 1. HP: 17/17 MP: 3/3
     0 | D:1      | magus.rc [v1.9.6]
    66 | D:1      | Reached skill level 2 in Short Blades
   217 | D:1      | You add the spells Sting, Poisonous Vapours and Olgreb's
                  | Toxic Radiance to your library.
   244 | D:1      | Reached skill level 2 in Throwing
   244 | D:1      | Reached XP level 2. HP: 24/24 MP: 4/4
   495 | D:1      | Reached skill level 4 in Stealth
  1381 | D:2      | Reached XP level 3. HP: 21/29 MP: 5/5
  1762 | D:2      | HP: 3/29 [frozen (5)]
  1772 | D:2      | Identified the +7 ring mail "Izaiqic" {-Cast Regen+ Str+4}
  1910 | D:2      | Reached XP level 4. HP: 36/36 MP: 6/6
  2254 | D:3      | Noticed Natasha
  2265 | D:3      | Killed Natasha
  2266 | D:3      | Reached skill level 3 in Short Blades
  2266 | D:3      | Reached skill level 3 in Throwing
  2274 | D:3      | Noticed Sigmund
  2393 | D:3      | Killed Sigmund
  2394 | D:3      | Reached skill level 5 in Stealth
  2394 | D:3      | Reached XP level 5. HP: 40/41 MP: 7/7
  2539 | D:3      | Noticed Grinder
  2544 | D:3      | Paralysed by Grinder for 4 turns
  2574 | D:3      | Reached XP level 6. HP: 43/48 MP: 8/8
  2579 | D:3      | Paralysed by Grinder for 7 turns
  2616 | D:3      | Killed Grinder
  2617 | D:3      | Reached skill level 4 in Short Blades
  2617 | D:3      | Reached skill level 4 in Throwing
  2657 | D:3      | Noticed Ijyb
  2663 | D:3      | Killed Ijyb
  2813 | D:3      | Noticed Natasha
  2820 | D:3      | Killed Natasha
  2839 | D:3      | Noticed Jessica
  2844 | D:3      | Noticed Robin
  2852 | D:3      | Killed Jessica
  2858 | D:3      | Killed Robin
  2859 | D:3      | Reached XP level 7. HP: 52/53 MP: 9/9
  3402 | D:4      | Reached skill level 6 in Stealth
  4023 | D:5      | Entered Level 5 of the Dungeon
  4033 | D:5      | Reached skill level 1 in Dodging
  4233 | D:5      | Reached skill level 5 in Short Blades
  4269 | D:5      | Reached skill level 5 in Throwing
  4414 | D:5      | Reached skill level 2 in Fighting
  4414 | D:5      | Reached skill level 2 in Dodging
  4452 | D:5      | Reached XP level 8. HP: 61/61 MP: 10/10
  4845 | D:6      | Reached skill level 3 in Fighting
  4845 | D:6      | Reached skill level 3 in Dodging
  4845 | D:6      | Reached skill level 7 in Stealth
  5324 | D:6      | Found a runed translucent gate.
  5325 | D:6      | Found a runed translucent gate.
  5326 | D:6      | Found a runed translucent gate.
  5326 | D:6      | Noticed qwertyui's ghost (amateur GrFi)
  5469 | D:6      | Found the +1 Delatra's gloves {ID++}
  5500 | D:6      | Reached skill level 6 in Short Blades
  6017 | D:7      | Found a staircase to the Ecumenical Temple.
  6290 | D:8      | Reached skill level 4 in Fighting
  6290 | D:8      | Reached skill level 4 in Dodging
  6290 | D:8      | Reached XP level 9. HP: 60/71 MP: 11/11
  6492 | D:8      | Reached skill level 8 in Stealth
  6558 | D:8      | Reached skill level 7 in Short Blades
  6741 | D:8      | Reached skill level 5 in Fighting
  6757 | D:8      | Reached skill level 5 in Dodging
  6848 | D:8      | Found a staircase to the Lair.
  7029 | D:8      | You pick up a book of Chaos and begin reading...
  7029 | D:8      | You add the spells Conjure Ball Lightning, Disjunction and
                  | Discord to your library.
  7626 | D:9      | Noticed Gastronok
  7648 | D:9      | HP: 10/74 [Gastronok/the air (19)]
  7695 | D:9      | Identified a scroll of acquirement
  7695 | D:9      | Acquired the +3 buckler "Yroriw" {rElec Slay+2}
  7941 | D:9      | Noticed a two-headed ogre
  7969 | D:9      | Reached XP level 10. HP: 61/83 MP: 13/13
  7970 | D:9      | Killed a two-headed ogre
  7971 | D:9      | Reached skill level 9 in Stealth
  8048 | D:9      | Reached skill level 6 in Fighting
  8052 | D:9      | Reached skill level 6 in Dodging
  8267 | D:9      | Killed Gastronok
  8268 | D:9      | Reached skill level 8 in Short Blades
  8391 | D:10     | Entered Level 10 of the Dungeon
  8573 | D:10     | Noticed a six-headed hydra
  8576 | D:10     | Noticed a centaur warrior
  8603 | D:10     | Killed a centaur warrior
  8666 | D:10     | Killed a six-headed hydra
  8667 | D:10     | Reached skill level 7 in Fighting
  8667 | D:10     | Reached skill level 7 in Dodging
  8748 | D:10     | Reached XP level 11. HP: 92/92 MP: 14/14
  8766 | D:10     | Reached skill level 10 in Stealth
  8864 | D:10     | Noticed a four-headed hydra
  8876 | D:10     | Killed a four-headed hydra
  8901 | D:10     | Found a staircase to the Orcish Mines.
  9136 | D:10     | You pick up a book of Geomancy and begin reading...
  9136 | D:10     | You add the spells Sandblast, Passwall and Stone Arrow to
                  | your library.
  9218 | D:10     | Noticed a tengu warrior
  9252 | D:10     | Killed a tengu warrior
  9253 | D:10     | Reached skill level 9 in Short Blades
  9698 | D:11     | Noticed a centaur warrior
  9705 | D:11     | Noticed a two-headed ogre
  9720 | D:11     | Killed a two-headed ogre
  9737 | D:11     | Killed a centaur warrior
  9786 | D:11     | You pick up a book of Blood and begin reading...
  9786 | D:11     | You add the spells Sublimation of Blood, Wereblood and
                  | Summon Hydra to your library.
 10117 | D:11     | Reached skill level 8 in Fighting
 10137 | D:11     | Noticed Urug
 10143 | D:11     | Killed Urug
 10144 | D:11     | Reached skill level 8 in Dodging
 10335 | D:12     | Noticed a two-headed ogre
 10349 | D:12     | Killed a two-headed ogre
 10456 | D:12     | Reached skill level 11 in Stealth
 10474 | D:12     | Noticed a swamp dragon
 10487 | D:12     | Noticed a death knight
 10667 | D:12     | Found a runed translucent door.
 10674 | D:12     | Found a runed translucent door.
 10729 | D:12     | HP: 22/95 [death knight/+2 great mace of venom (34)]
 10729 | D:12     | HP: 10/95 [poisoned by a death knight]
 10730 | D:12     | HP: 2/95 [poisoned by a death knight]
 10731 | D:12     | Succumbed to a death knight's poison

Vanquished Creatures
  Gastronok (D:9)
  2 hydras (D:10)
  3 two-headed ogres
  2 centaur warriors
  A tengu warrior (D:10)
  Urug (D:11)
  A cyclops (D:11)
  A gargoyle (D:12)
  An unseen horror (D:11)
  A freezing wraith (D:12)
  A yaktaur (D:12)
  A tengu conjurer (D:12)
  A troll (D:10)
  Grinder (D:3)
  A slime creature (D:11)
  A hornet (D:9)
  2 shadows
  Sigmund (D:3)
  5 wyverns
  14 yaks
  2 basilisks (D:8)
  4 wraiths
  A vampire mosquito (D:12)
  A water moccasin (D:8)
  2 ice beasts (D:7)
  2 sky beasts (D:6)
  7 orc warriors
  An ogre (D:7)
  6 centaurs
  4 phantoms (D:5)
  4 bullfrogs
  3 gnoll sergeants
  2 scorpions (D:5)
  4 wights (D:9)
  2 howler monkeys
  3 hounds
  A gnoll shaman (D:8)
  3 orc priests
  3 jellies
  Jessica (D:3)
  Ijyb (D:3)
  2 iguanas
  13 orc wizards
  Natasha (twice) (D:3)
  Robin (D:3)
  9 adders
  17 gnolls
  2 ufetubi (D:6)
  2 worms (D:2)
  3 dart slugs
  30 orcs
  5 ball pythons
  12 endoplasms
  3 giant cockroaches
  20 goblins
  10 hobgoblins
  A quokka (D:3)
  6 bats
  3 frilled lizards (D:1)
  4 kobolds
  4 rats
248 creatures vanquished.

Vanquished Creatures (others)
  2 fungi (D:8)
  6 plants (D:7)
8 creatures vanquished.

Grand Total: 256 creatures vanquished

Table legend:
 A = Non-vault XP
 B = Vault XP
 C = Vault XP percentage of total XP
 D = Non-vault monster count
 E = Vault monster count
 F = Vault count percentage of total count
                 A         B        C        D         E       F
            +---------+---------+-------+---------+---------+-------
      Total |   13533 |   10627 |  44.0 |     180 |      68 |  27.4
            +---------+---------+-------+---------+---------+-------
        D:1 |      43 |       0 |   0.0 |      25 |       0 |   0.0
        D:2 |      99 |      16 |  13.9 |      22 |       2 |   8.3
        D:3 |     100 |     647 |  86.6 |      15 |      18 |  54.5
        D:4 |     236 |       0 |   0.0 |      18 |       0 |   0.0
        D:5 |     950 |      13 |   1.3 |      18 |       1 |   5.3
        D:6 |     334 |     221 |  39.8 |       7 |      11 |  61.1
        D:7 |     556 |       0 |   0.0 |       6 |       0 |   0.0
        D:8 |    1548 |     931 |  37.6 |      19 |       5 |  20.8
        D:9 |    2658 |    1419 |  34.8 |      17 |       1 |   5.6
       D:10 |    3141 |    4117 |  56.7 |      21 |      21 |  50.0
       D:11 |    3048 |    1072 |  26.0 |       6 |       2 |  25.0
       D:12 |     820 |    2191 |  72.8 |       6 |       7 |  53.8
            +---------+---------+-------+---------+---------+-------

Illustrated notes

Table legend:
 A = Kills in this place as a percentage of kills in entire the game.
 B = Kills by you in this place as a percentage of kills by you in the entire game.
 C = Kills by friends in this place as a percentage of kills by friends in the entire game.
 D = Other kills in this place as a percentage of other kills in the entire game.
 E = Experience gained in this place as a percentage of experience gained in the entire game.
 F = Experience gained in this place divided by the number of levels of this place that you have seen.
                   A       B       C       D       E      F
               +-------+-------+-------+-------+-------+----------------------
         Total | 100.0 | 100.0 |   N/A |   N/A | 100.0 | 2013.3
       Dungeon | 100.0 | 100.0 |   N/A |   N/A | 100.0 | 2013.3
               +-------+-------+-------+-------+-------+----------------------

Table legend: (Time is in decaauts)
 A = Elapsed time spent in this place.
 B = Non-inter-level travel time spent in this place.
 C = Inter-level travel time spent in this place.
 D = Time resting spent in this place.
 E = Time spent auto-exploring this place.
 F = Levels seen in this place.
 G = Mean time per level.
                   A        B        C        D        E       F      G
               +--------+--------+--------+--------+--------+-----+--------+
         Total |  10431 |  10087 |    344 |   1197 |   6347 |  12 |  869.2 |
       Dungeon |  10431 |  10087 |    344 |   1197 |   6347 |  12 |  869.2 |
               +--------+--------+--------+--------+--------+-----+--------+

Top non-repeatable levels by time:
     D:1: 1158 daAuts
     D:9: 1113 daAuts
     D:6: 1099 daAuts
     D:2: 1071 daAuts
     D:8: 1014 daAuts
    D:10: 946 daAuts
     D:3: 923 daAuts
     D:4: 836 daAuts
    D:11: 783 daAuts
     D:5: 772 daAuts
    D:12: 397 daAuts
     D:7: 316 daAuts
